 Dungeon Crawl Stone Soup version 0.30-a0-364-gf6b3ef1049 (webtiles) character file.

Game seed: 17064716252949499986

40 Manisia the Magician (level 3, 0/25 HPs)
             Began as a Demonspawn Wanderer on Nov 15, 2022.
             Succumbed to an adder's poison
             ... on level 3 of the Dungeon.
             The game lasted 00:04:52 (1848 turns).

Manisia the Magician (Demonspawn Wanderer)          Turns: 1848, Time: 00:04:53

Health: 0/25       AC:  7    Str: 14    XL:     3   Next: 30%
Magic:  8/8        EV: 12    Int: 10    God:
Gold:   99         SH:  0    Dex: 15    Spells: 6/9 levels left

rFire   . . .      SeeInvis .    a - +0 falchion
rCold   . . .      Faith    .    (no shield)
rNeg    . . .      Spirit   .    d - +0 leather armour
rPois   .          Reflect  .    (no helmet)
rElec   .          Harm     .    (no cloak)
rCorr   .          Rampage  .    h - +0 pair of gloves
Will    .....                    b - +0 pair of boots
Stlth   +.........               (no amulet)
HPRegen 0.24/turn                (no ring)
MPRegen 0.11/turn                (no ring)

@: lethally poisoned (0 -> -14)
A: icy blue scales 1, powered by death 1
a: no special abilities


You were on level 3 of the Dungeon.
You visited 1 branch of the dungeon, and saw 3 of its levels.

You collected 99 gold pieces.

Inventory:

Hand Weapons
 a - a +0 falchion (weapon)
Missiles
 j - 5 poisoned darts
 k - 23 stones (quivered)
Armour
 b - a +0 pair of boots (worn)
 d - a +0 leather armour (worn)
 h - a +0 pair of gloves (worn)
Scrolls
 e - a scroll of teleportation
 f - 2 scrolls of noise
Potions
 i - a potion of lignification
 l - a potion of resistance
 m - a potion of attraction
 n - a potion of mutation {unknown}


   Skills:
 + Level 0.3 Fighting
 + Level 1.2 Long Blades
 + Level 1.5 Armour
 + Level 2.9 Dodging
 - Level 1.0 Stealth
 + Level 3.5 Spellcasting
 * Level 0.5 Transmutations


You had 6 spell levels left.
You knew the following spells:

 Your Spells              Type           Power      Damage    Failure   Level
a - Freeze                Ice            4%         1d3       32%         1
b - Wereblood             Tmut           2%         N/A       36%         2

Your spell library contained the following spells:

 Spells                   Type           Power      Damage    Failure   Level
 Sublimation of Blood     Necr           1%         N/A       45%         2
 Kindle Blastsparks       Fire/Tloc/Air  2%         2d10      69%         3


Dungeon Overview and Level Annotations

Branches:
Dungeon (3/15)

Altars:

Shops:
D:2 *

Annotations:
D:3 Ijyb


Innate Abilities, Weirdness & Mutations

You are partially covered in icy blue scales. (AC +2)
You regenerate a little health from kills.


Message History

Ijyb the Twisted Goblin comes into view.
She is wielding a +5 dagger of venom and carrying a wand of paralysis (5).
Found a ring mail.
Ijyb shouts!
There is an escape hatch in the ceiling here.
Found a leather armour.
An adder comes into view.
Ijyb barely misses you.
The adder hisses angrily.
You hit Ijyb.
Ijyb is lightly wounded.
Ijyb hits you with a +5 dagger of venom.
You are poisoned.
You slash Ijyb!
Ijyb is moderately wounded.
You feel very sick.
Ijyb zaps a wand.
You resist with significant effort.
You closely miss Ijyb.
Ijyb is moderately wounded.
You feel very sick.
Ijyb zaps a wand.
You suddenly lose the ability to move!
The adder bites you but does no damage.
You feel sick. The adder barely misses you.
Ijyb zaps a wand.
You shrug off the repeated paralysis!
You feel sick. The adder bites you but does no damage.
Ijyb hits you with a +5 dagger of venom.
You are lethally poisoned!
The adder bites you.
* * * LOW HITPOINT WARNING * * *
You are more poisoned.
The adder poisons you!
You can move again.
Read: scroll of fear
Press: ? - help, Q - select action, (/) - cycle Dir - look around, f - activate You can't see that place.
As you read the scroll of fear, it crumbles to dust.
You assume a fearsome visage.
Ijyb looks frightened!
The adder looks frightened!
* * * LOW HITPOINT WARNING * * *
You feel very sick.
You die...

#. #. .. #. #.## #
#. #... ##. #. ....
#...#g##....
#[.[S.#.#.# .
#.#.#.# .. #.@.#.#
#.###.###.#
#.....###.#
.....#......#####.
..........<.......#
###################


You could see Ijyb (fleeing) and an adder (fleeing).

Vanquished Creatures
  A worm (D:2)
  3 dart slugs
  3 endoplasms
  2 giant cockroaches (D:1)
  4 goblins
  3 hobgoblins
  2 jackals (D:1)
  4 bats (D:1)
  2 frilled lizards (D:1)
  5 kobolds
  A rat (D:1)
30 creatures vanquished.

Notes
Turn   | Place    | Note
-------+----------+-------------------------------------------
     0 | D:1      | Manisia the Demonspawn Wanderer began the quest for the
                  | Orb.
     0 | D:1      | Manisia set off with the following items: a +0 falchion, a
                  | +0 pair of boots, a scroll of fear, a +0 leather armour;
                  | and the following spell memorised: Freeze; and the
                  | following spells available to memorise: Sublimation of
                  | Blood, Wereblood, Kindle Blastsparks.
     0 | D:1      | Reached XP level 1. HP: 13/13 MP: 4/4
   225 | D:1      | Gained mutation: You are partially covered in icy blue
                  | scales. (AC +2) [demonic ancestry]
   225 | D:1      | Reached XP level 2. HP: 19/19 MP: 6/6
   228 | D:1      | Learned a level 2 spell: Wereblood
  1132 | D:2      | Found Suuxt's General Store.
  1339 | D:2      | Gained mutation: You regenerate a little health from kills.
                  | [demonic ancestry]
  1339 | D:2      | Reached XP level 3. HP: 24/24 MP: 8/8
  1840 | D:3      | Noticed Ijyb
  1844 | D:3      | Paralysed by Ijyb for 3 turns
  1848 | D:3      | Succumbed to an adder's poison

Illustrated notes

Levels and vault maps discovered:
D:1:      dpeg_arrival_rooms_a, layout_basic
D:2:      layout_loops_ring, serial_shops, nicolae_shop_waterfront
D:3:      layout_loops_ring, wad_floor_pattern_untrapped, nrook_mini_vaults,
          uniq_ijyb

Action                   || total
-------------------------++-------
Melee: Falchion          ||    98
Throw: Stone             ||     9
  Use: Scroll            ||    11
       Potion            ||     1
 Stab: Sleeping          ||     2
Armor: Leather armour    ||    35
Dodge: Dodged            ||    67

Table legend: (Time is in decaauts)
 A = Elapsed time spent in this place.
 B = Non-inter-level travel time spent in this place.
 C = Inter-level travel time spent in this place.
 D = Time resting spent in this place.
 E = Time spent auto-exploring this place.
 F = Levels seen in this place.
 G = Mean time per level.
                   A        B        C        D        E       F      G
               +--------+--------+--------+--------+--------+-----+--------+
         Total |   1856 |   1793 |     63 |     28 |   1300 |   3 |  618.7 |
       Dungeon |   1856 |   1793 |     63 |     28 |   1300 |   3 |  618.7 |
               +--------+--------+--------+--------+--------+-----+--------+

Top non-repeatable levels by time:
     D:1: 977 daAuts
     D:2: 859 daAuts
     D:3: 18 daAuts
